[Event "Chess Festival Groningen 2023 | A"]
[Site "Groningen, Netherlands"]
[Date "2023.12.21"]
[Round "1.1"]
[White "Kazakouski, Valery"]
[Black "Lambrechts, Koen"]
[Result "1-0"]
[TimeControl "90min/40moves + 30min + 30sec/move"]
[WhiteElo "2586"]
[BlackElo "2290"]

1. Nf3 e6 2. g3 b6 3. Bg2 Bb7 4. c4 f5 5. O-O Nf6 6. Nc3 Ne4 7. d4 Be7 8. d5 Nxc3 9. bxc3 O-O 10.
Qc2 Na6 11. Nd4 Nc5 12. Rd1 Qc8 13. Ba3 g6 14. f4 Re8 15. g4 Bd6 16. Rf1 Qd8 17. Rae1 Qh4 18. Nb3 Nxb3 19. Bxd6 cxd6 20.
axb3 Qxg4 21. Qd3 e5 22. e4 exf4 23. exf5 g5 24. Kh1 Qh4 25. Re4 Re5 26. Rxe5 dxe5 27. c5 Rd8 28. Qe4 bxc5 29.
Qxe5 {time} 1-0

[Event "Chess Festival Groningen 2023 | A"]
[Site "Groningen, Netherlands"]
[Date "2023.12.21"]
[Round "1.2"]
[White "Besou, Hussain"]
[Black "Reinderman, Dimitri"]
[Result "0-1"]
[TimeControl "90min/40moves + 30min + 30sec/move"]
[WhiteElo "2280"]
[BlackElo "2580"]

1. d4 f5 2. c4 Nf6 3. Nf3 g6 4.
g3 Bg7 5. Bg2 O-O 6. O-O d6 7.
Nc3 c6 8. Bg5 h6 9. Bxf6 Bxf6 10. e4 e5 11. Qd2 Kh7 12. Rfe1 Qc7 13. d5 c5 14. Qd3 Na6 15. a3 Qg7 16.
Rab1 Bd7 17. b4 Rf7 18. h3 Raf8 19. Nh2 Bd8 20. Rb2 Bb6 21. b5 Nc7 22. Rf1 Ne8 23. Re2 Kh8 24. f3 Ba5 25.
Nd1 Nf6 26. g4 Nh7 27. Nf2 Bd8 28. Kh1 Bh4 29. Nd1 h5 30. Ne3 Bg3 31. Rg1 Bxh2 32. Kxh2 hxg4 0-1

[Event "Chess Festival Groningen 2023 | A"]
[Site "Groningen, Netherlands"]
[Date "2023.12.21"]
[Round "1.3"]
[White "Romanov, Evgeny"]
[Black "Mierins, Emils Janis"]
[Result "1-0"]
[TimeControl "90min/40moves + 30min + 30sec/move"]
[WhiteElo "2561"]
[BlackElo "2258"]

1. d4 Nf6 2. c4 e6 3. Nf3 b6 4. g3 Bb7 5. Bg2 Bb4+ 6. Bd2 a5 7. O-O O-O 8.
Bf4 Be7 9. Qc2 Be4 10. Qd2 h6 11. Rd1 g5 12. Be5 Nh7 13. Nc3 Bb7 14. d5 d6 15. dxe6 dxe5 16. exf7+ Kh8 17. Qc2 Bd6 18.
Nxe5 Bxg2 19. Ng6+ Kg7 20. Nxf8 Qxf8 21. Kxg2 Qxf7 22. Qe4 Ra7 23. Nb5 Nf6 24. Qf3 g4 25. Qf5 Ra8 26. Nxd6 cxd6 27. Rxd6 Nbd7 28. Rad1 Nc5 29.
Rxb6 Nce4 30. f3 Ng5 31. Rdd6 gxf3+ 32. exf3 Ngh7 33. Qe6 Qf8 34. Rb7+ Kh8 35. Rf7 1-0

[Event "Chess Festival Groningen 2023 | A"]
[Site "Groningen, Netherlands"]
[Date "2023.12.21"]
[Round "1.4"]
[White "Kobo, Ori"]
[Black "Grooten, Herman"]
[Result "1-0"]
[TimeControl "90min/40moves + 30min + 30sec/move"]
[WhiteElo "2541"]
[BlackElo "2243"]

1. d4 Nf6 2. Nf3 e6 3. e3 b6 4. Bd3 Bb7 5. O-O d6 6. c4 Nbd7 7. Nc3 g6 8. e4 Bg7 9. Rb1 O-O 10. b4 c5 11. bxc5 dxc5 12.
d5 Ng4 13. Bb2 Nge5 14. Nxe5 Nxe5 15. Be2 g5 16. Re1 Ng6 17. Bf1 Be5 18. Nb5 Qf6 19. Qd2 Rfd8 20. a4 Bc6 21. a5 Bxb5 22.
Bxe5 Nxe5 23. Rxb5 Rd6 24. Reb1 Nd7 25. R5b3 Kh8 26. Rf3 Qg7 27. Rg3 Rg8 28. f4 f6 29. Be2 Qe7 30. axb6 axb6 31.
Ra1 exd5 32. exd5 gxf4 33. Rxg8+ Kxg8 34. Qxf4 Qe5 35. Ra8+ Kf7 36. Qh6 Qd4+ 37. Kf1 f5 38. Bh5+ Ke7 39.
Re8# 1-0

[Event "Chess Festival Groningen 2023 | A"]
[Site "Groningen, Netherlands"]
[Date "2023.12.21"]
[Round "1.5"]
[White "Toktomushev, Teimur"]
[Black "Stremavicius, Titas"]
[Result "0-1"]
[TimeControl "90min/40moves + 30min + 30sec/move"]
[WhiteElo "2249"]
[BlackElo "2550"]

1. d4 Nf6 2. c4 e6 3. Nf3 d5 4. Nc3 Nbd7 5. Bf4 dxc4 6.
e3 Nd5 7. Bxc4 Nxf4 8. exf4 Nb6 9. Bb3 g6 10. h4 Bg7 11. h5 Bd7 12. Ne5 Qe7 13.
Qg4 O-O-O 14. O-O-O Kb8 15. Qh4 Bf6 16. Qg3 Bc6 17. Rhe1 Bd5 18. Bxd5 Nxd5 19. Ne4 gxh5 20. Rh1 Bxe5 21. fxe5 Qe8 22. Qf3 Nb4 23.
Kb1 Qc6 24. Rd2 Qd5 25. b3 Nc6 26. Rhd1 Ne7 27. Ng5 Qxf3 28. gxf3 Rdf8 29. Rh1 h6 30. Ne4 Rd8 31. Rxh5 Nf5 32.
d5 Ng7 33. Rh1 exd5 34. Nf6 c6 35.
f4 h5 36. Rg1 Ne8 37. Nxe8 Rdxe8 38. Rg7 h4 39. f3 Reg8 40. Rg4 h3 41. Rh2 Rxg4 42. fxg4 Kc7 43. Kc2 Rh4 44. f5 Kd7 45. Kd3 Ke7 46. g5 Rh5 47.
g6 fxg6 48. fxg6 Ke6 49. Kd4 b6 50. b4 Rh4+ 51. Ke3 Kxe5 52. g7 Rg4 53. Rxh3 Rxg7 54. Rh5+ Kd6 55. Rh6+ Kc7 56. Kd4 a5 57. b5 Rg4+ 58. Ke5 Re4+ 0-1

[Event "Chess Festival Groningen 2023 | A"]
[Site "Groningen, Netherlands"]
[Date "2023.12.21"]
[Round "1.6"]
[White "Smeets, Kobe"]
[Black "Tiviakov, Sergei"]
[Result "1/2-1/2"]
[TimeControl "90min/40moves + 30min + 30sec/move"]
[WhiteElo "2239"]
[BlackElo "2536"]

1. e4 d5 2. exd5 Qxd5 3. Nc3 Qd6 4.
d4 c6 5.
Nf3 Bg4 6. Bc4 Nf6 7. Be3 e6 8. Bb3 Nbd7 9. h3 Bh5 10. Qe2 Be7 11. O-O-O O-O-O 12. Kb1 Qc7 13. g4 Bg6 14. Ne5 Nxe5 15.
Bf4 Nfd7 16. dxe5 Nc5 17. Bc1 Kb8 18. f4 f6 19. exf6 Bxf6 20. Qf2 Qa5 21. Be3 Nxb3 22. axb3 Bxc3 23. bxc3 Be4 24. Rhe1 Qxc3 25.
Bxa7+ Kc8 26. Bd4 Rxd4 27. Qxd4 Qxb3+ 28. Ka1 Qa3+ 29. Kb1 Qb3+ 30. Ka1 1/2-1/2

[Event "Chess Festival Groningen 2023 | A"]
[Site "Groningen, Netherlands"]
[Date "2023.12.21"]
[Round "1.7"]
[White "Krasenkow, Michal"]
[Black "Aashman Gupta"]
[Result "1-0"]
[TimeControl "90min/40moves + 30min + 30sec/move"]
[WhiteElo "2532"]
[BlackElo "2235"]

1. d4 d5 2. c4 e6 3.
Nc3 c6 4. e3 Nf6 5. Nf3 Nbd7 6. Bd3 dxc4 7. Bxc4 b5 8. Bd3 Bb7 9. O-O a6 10. a4 b4 11. Ne4 c5 12. Ned2 cxd4 13. exd4 Bd6 14. Nc4 Bc7 15.
a5 O-O 16. Qe2 h6 17. Bd2 Nd5 18.
Nfe5 Nxe5 19. dxe5 Qh4 20. f4 Rfd8 21. Rf3 Rab8 22. Rh3 Qe7 23. f5 exf5 24. Bxf5 Qc5+ 25. Kh1 Ne7 26. Be3 Qd5 27. Bg4 Qd3 28. Ba7 Qxe2 29. Bxe2 Ra8 30. Bb6 Bxb6 31. axb6 Ng6 32. Bf3 Rab8 33.
Bxb7 Rxb7 34. Kg1 Rd4 35. b3 Rd5 36. Re3 a5 37. e6 Kf8 38. exf7 Kxf7 39. Rf1+ Kg8 40. Re8+ Kh7 41. Ra8 Ne5 42. Ra7 Rb8 43. Nxe5 Rxe5 44.
Rff7 Rxb6 45. Rxg7+ Kh8 46. Rgd7 Rbe6 47. h3 Kg8 48. Kh2 Rf6 49. Rd8+ Rf8 50. Rd6 Rg5 51. g4 h5 52. Kg3 hxg4 53. hxg4 Rf7 54. Rd8+ Kg7 55. Raa8 Rc5 56.
Rg8+ Kf6 57. Ra6+ Ke7 58. g5 Rff5 59. Ra7+ Ke6 60. Kg4 Ke5 61. Rd7 Ke6 62. Rdd8 Rfe5 63. Kh5 Kf5 64. Rd4 Re6 65.
Rf8+ Ke5 66. Rd1 Rc3 67. Rf2 Re3 68. g6 Rh3 69. Kg4 Re3 70.
Rf5+ Ke4 71. Rg5 Re2 72. Rg1 Re8 73.
g7 Rg8 74. Kh5 Rd2 75. Kg6 Rc8 76.
Re1+ Kd4 77. Rf1 Kc3 78. Rf8 Rdd8 79. Rc5+ Rxc5 80. Rxd8 Rc6+ 81. Kf5 Rc5+ 82. Ke4 1-0

[Event "Chess Festival Groningen 2023 | A"]
[Site "Groningen, Netherlands"]
[Date "2023.12.21"]
[Round "1.8"]
[White "Jacobs, Florian"]
[Black "Beerdsen, Thomas"]
[Result "0-1"]
[TimeControl "90min/40moves + 30min + 30sec/move"]
[WhiteElo "2218"]
[BlackElo "2511"]

1. d4 d5 2. c4 c6 3.
Nf3 Nf6 4. e3 Bf5 5. Nc3 e6 6. Nh4 Bg6 7. Be2 Nbd7 8. g3 Be7 9. Qb3 Qc7 10. Bd2 Ne4 11. Nxe4 Bxe4 12.
f3 dxc4 13. Bxc4 Bd5 14. Bxd5 exd5 15.
Nf5 Bf8 16. e4 g6 17. Ne3 dxe4 18. fxe4 Bg7 19. e5 O-O 20. O-O a5 21. Nc4 a4 22. Qc3 c5 23. Bf4 cxd4 24. Qxd4 Rad8 25.
Rac1 b5 26. Nd6 Qb8 27. Rcd1 Qa8 28. Qe3 h6 29. e6 fxe6 30. Bxh6 Bxh6 31. Qxh6 Ne5 32. Qg5 Qa7+ 33. Kg2 Rxf1 34.
Rxf1 Rxd6 35. Qxe5 Rd2+ 36. Kh3 Qh7+ 37. Kg4 Qh5+ 38. Qxh5 gxh5+ 39. Kxh5 Rxh2+ 40. Kg6 Rxb2 41. Rc1 Kf8 42. Kf6 Rf2+ 43. Kxe6 Rxa2 44. Rb1 a3 45. Rxb5 Ra1 46. Re5 a2 47. Re2 Kg7 48. Ke5 Kg6 49. Ke4 Kg5 50. Ke3 Kf5 51.
Rf2+ Kg4 52. Re2 Kxg3 53. Ke4 Kg4 54. Ke3 Kf5 55.
Rf2+ Ke5 56. Kf3 Kd4 57. Kg2 Rg1+ 0-1

[Event "Chess Festival Groningen 2023 | A"]
[Site "Groningen, Netherlands"]
[Date "2023.12.21"]
[Round "1.9"]
[White "Kovchan, Alexander"]
[Black "Labruyere, Roger"]
[Result "1/2-1/2"]
[TimeControl "90min/40moves + 30min + 30sec/move"]
[WhiteElo "2491"]
[BlackElo "2208"]

1. e4 c5 2. Nf3 d6 3. d4 cxd4 4. Nxd4 Nf6 5. Nc3 a6 6. g3 e5 7. Nde2 Be7 8. Bg2 O-O 9.
O-O b5 10. a4 Bb7 11. Nd5 Nxd5 12. exd5 Nd7 13. Bd2 Nc5 14. a5 f5 15. Bb4 Rc8 16. Qd2 Bf6 17. Nc3 g6 18. Rae1 Qd7 19.
Kh1 Qg7 20. Nd1 h5 21. f3 Qf7 22. Nc3 Qh7 23. h3 Kh8 24. Kg1 Rg8 25. Qf2 Qg7 26. Rd1 Qe7 27. f4 Nd7 28. Na2 e4 29.
h4 Rc7 30. Rfe1 Rgc8 31. Re2 Bg7 32. Ba3 Nf6 33. Nb4 Qf7 34. Red2 Rc5 35. c3 Nxd5 36. Nxd5 Rxd5 37. Bxd6 Rxd2 38. Rxd2 Qe6 39. Bc5 Kh7 40.
Qe3 Qc6 1/2-1/2

[Event "Chess Festival Groningen 2023 | A"]
[Site "Groningen, Netherlands"]
[Date "2023.12.21"]
[Round "1.10"]
[White "Albers, Sasa"]
[Black "Nevednichy, Vladislav"]
[Result "0-1"]
[TimeControl "90min/40moves + 30min + 30sec/move"]
[WhiteElo "2192"]
[BlackElo "2452"]

1. e4 c5 2. Nf3 d6 3. d4 cxd4 4. Nxd4 Nf6 5. Nc3 Nc6 6. Bg5 e6 7. Qd2 a6 8. O-O-O Bd7 9. Kb1 Be7 10.
f3 Nxd4 11. Qxd4 b5 12. Be3 Bc6 13. Qd2 d5 14. e5 Nd7 15. f4 Nc5 16. Ne2 O-O 17. Nd4 Bd7 18. g4 b4 19. Bg2 Qc7 20.
Rhf1 Bb5 21. Rf3 Ne4 22. Qe1 Rfc8 23. Rh3 Bd7 24. Bc1 Bc6 25. g5 g6 26. Rdd3 Bf8 27. Qh4 h6 28. gxh6 Kh7 29. Qe1 a5 30. Nxc6 Qxc6 31.
Qe2 Bc5 32. Be3 a4 33. Bxc5 Nxc5 34. Rd1 a3 35. b3 Ne4 36. Bxe4 dxe4 37. Rc1 Qd5 38. Qe1 Qd4 39. c3 bxc3 40. Rhxc3 Rxc3 41. Qxc3 Qf2 42. b4 e3 43. b5 Rc8 0-1

[Event "Chess Festival Groningen 2023 | A"]
[Site "Groningen, Netherlands"]
[Date "2023.12.21"]
[Round "1.11"]
[White "Bulmaga, Irina"]
[Black "Kanyamarala, Trisha"]
[Result "1-0"]
[TimeControl "90min/40moves + 30min + 30sec/move"]
[WhiteElo "2439"]
[BlackElo "2184"]

1. e4 c5 2. c3 Nf6 3. e5 Nd5 4. Bc4 Nb6 5. Bb3 c4 6. Bc2 Nc6 7. Nf3 d5 8.
exd6 Qxd6 9. O-O Bg4 10. Re1 e6 11. b3 Be7 12. Na3 Ne5 13. Rxe5 Bxf3 14. Qe1 Bd5 15. bxc4 Nxc4 16. Ba4+ Kf8 17. Nxc4 Bxc4 18. d4 f6 19.
Re3 Kf7 20. Bc2 Rac8 21. a4 Qd7 22. Rh3 g6 23. Rb1 b6 24. Bd2 h5 25. Re3 f5 26. f4 Bd6 27. Qf2 Qc7 28. Rh3 Rcg8 29. Re1 Qc6 30. Rhe3 Qc7 31. Bd3 Bxf4 32. Bxc4 Bxe3 33.
Bxe6+ Kxe6 34. Qxe3+ Kf7 35.
Qe6+ Kg7 36. Bg5 Rf8 37. Be7 Re8 38. h4 Qxc3 39. Bf6+ Kh6 40. Bg5+ Kg7 41. Qd7+ 1-0

[Event "Chess Festival Groningen 2023 | A"]
[Site "Groningen, Netherlands"]
[Date "2023.12.21"]
[Round "1.12"]
[White "Kumar, Prajit Sai"]
[Black "Lahaye, Rick"]
[Result "1-0"]
[TimeControl "90min/40moves + 30min + 30sec/move"]
[WhiteElo "2172"]
[BlackElo "2439"]

1. e4 c5 2. Nf3 d6 3.
d4 cxd4 4. Nxd4 Nf6 5. Nc3 a6 6. f3 e5 7.
Nb3 Be6 8. Be3 h5 9. Qd2 Nbd7 10. Be2 Qc7 11. O-O-O Be7 12.
Kb1 Rc8 13. h3 h4 14. f4 b5 15. Bf3 b4 16. Ne2 a5 17. f5 Bc4 18. g4 hxg3 19. Nxg3 Ba6 20. Nc1 Bb7 21. h4 Nc5 22.
Qg2 a4 23. b3 Ba6 24. h5 a3 25. Qd2 Bb7 26. Qg2 Qc6 27. Rh4 Bd8 28. Qd2 Ncd7 29. Nd3 Ba5 30. Nf2 Bb6 31. Bxb6 Nxb6 32.
Nd3 Qc3 33. Qxc3 bxc3 34. Nb4 Ke7 35. Rhh1 Nbd7 36. Rd3 Nc5 37. Re3 Rb8 38. Nd3 Na6 39. Nf2 Nc7 40. Rxc3 Nb5 41. Re3 Rhc8 42. Ne2 Ba6 43. c3 Rc7 44. Rc1 Na7 45. Ng3 Rbc8 46.
c4 Nc6 47. Ne2 Nd7 48. Nc3 Nb6 49. Be2 Nd4 50. Bd3 Bb7 51. Ne2 Nd7 52. Nxd4 exd4 53. Rg3 Ne5 54. Re1 Rh8 55. Be2 Kf6 56.
Ng4+ Nxg4 57. Bxg4 Ke5 58. Bf3 Kf4 59. Rh3 Re7 60. Kc2 g5 61. fxg6 fxg6 62. Kd3 g5 63. Rf1 Bc8 64. Bd1+ Ke5 65.
Rg3 Rg7 66. Rh1 g4 67. h6 Rg5 68. Rh4 d5 69. exd5 Bf5+ 70.
Kd2 Bb1 71. Kc1 Bf5 72. Bxg4 Be4 73. b4 Rf8 74. h7 Bxh7 75. Rxh7 Rf2 76. d6 Rxa2 77. d7 Rg8 78. Re7+ Kf4 79.
Re8 Ra1+ 80. Kd2 a2 81. Rxg8 Rd1+ 82. Bxd1 a1=Q 83. Rf3+ 1-0

[Event "Chess Festival Groningen 2023 | A"]
[Site "Groningen, Netherlands"]
[Date "2023.12.22"]
[Round "2.1"]
[White "Stremavicius, Pijus"]
[Black "Kazakouski, Valery"]
[Result "0-1"]
[TimeControl "90min/40moves + 30min + 30sec/move"]
[WhiteElo "2367"]
[BlackElo "2586"]

1. e4 e5 2. Nf3 Nc6 3.
Nc3 Nf6 4. d4 Bb4 5. Nxe5 Bxc3+ 6. bxc3 Qe7 7. Bd3 Nxe5 8.
dxe5 Qxe5 9. O-O d6 10.
Qe1 Bd7 11. f4 Qe6 12. e5 dxe5 13. fxe5 Nd5 14. Qh4 h6 15. c4 Nb4 16. Ba3 a5 17. Kh1 Qg4 18. Qf2 O-O 19. Be2 Qe6 20.
c3 Nc6 21. Bxf8 Rxf8 22. Rae1 Nxe5 23.
Qc5 b6 24. Qxc7 Rc8 25. Qa7 Bc6 26. Bf3 Bxf3 27. Rxf3 Qd6 28. Rff1 f6 29. Rb1 Ng4 30. g3 Qd2 0-1

[Event "Chess Festival Groningen 2023 | A"]
[Site "Groningen, Netherlands"]
[Date "2023.12.22"]
[Round "2.2"]
[White "Reinderman, Dimitri"]
[Black "Nagarkatte Vedant"]
[Result "1/2-1/2"]
[TimeControl "90min/40moves + 30min + 30sec/move"]
[WhiteElo "2580"]
[BlackElo "2320"]

1. c4 e5 2. Nc3 Nf6 3. Nf3 Nc6 4. g3 d5 5. cxd5 Nxd5 6. Bg2 Bc5 7. Nxe5 Nxc3 8. bxc3 Nxe5 9. d4 Bd6 10. dxe5 Bxe5 11. O-O Qxd1 12. Rxd1 O-O 13. Rb1 c6 14. c4 Re8 15. Be3 Bc7 16. Kf1 Bb6 17. c5 Bc7 18. Bd4 Rb8 19. Rb2 Rd8 20. e3 Be6 21.
Rc1 f6 22. f4 Bd5 23. Bxd5+ Rxd5 24. Ke2 Bd8 25. Rc3 Rd7 26. g4 Be7 27. Rc4 Kf7 28. Ra4 Ra8 29. Kf3 h6 30. h4 a6 31.
Rc4 Re8 32. e4 Red8 33. Be3 Rd3 34. Ke2 Ra3 35. Bf2 Rd7 1/2-1/2

[Event "Chess Festival Groningen 2023 | A"]
[Site "Groningen, Netherlands"]
[Date "2023.12.22"]
[Round "2.3"]
[White "Sanket Chakravarty"]
[Black "Romanov, Evgeny"]
[Result "0-1"]
[TimeControl "90min/40moves + 30min + 30sec/move"]
[WhiteElo "2361"]
[BlackElo "2561"]

1. c4 e6 2. Nf3 d5 3. e3 Nf6 4. Nc3 b6 5. cxd5 exd5 6. d4 Bd6 7. Ne5 O-O 8. Bd3 c5 9. O-O Bb7 10.
Nb5 Be7 11. dxc5 bxc5 12. b3 Nbd7 13. Bb2 a6 14. Nxd7 Qxd7 15. Nc3 d4 16. exd4 cxd4 17. Ne2 Qd5 18. f3 Bc5 19. Rc1 Rad8 20. Kh1 Qe5 21. Ng3 Bb6 22. Re1 Qf4 23. Rc4 Rfe8 24.
Rxe8+ Rxe8 25. Ne2 Bxf3 26. Nxf4 Bxd1 27. h3 g5 28. Rc6 Nd7 29. Nd5 Re1+ 30. Kh2 Ba7 31. Kg3 Ne5 32. Nf6+ Kg7 33. Ne8+ Kh8 34. Rc8 Nxd3 35. Ba3 h5 36. Bd6 h4+ 37.
Kh2 Nf2 38. g4 hxg3+ 39. Bxg3 Re2 40.
Nd6+ Kh7 0-1

[Event "Chess Festival Groningen 2023 | A"]
[Site "Groningen, Netherlands"]
[Date "2023.12.22"]
[Round "2.4"]
[White "Stremavicius, Titas"]
[Black "Elgersma, Onno"]
[Result "1/2-1/2"]
[TimeControl "90min/40moves + 30min + 30sec/move"]
[WhiteElo "2550"]
[BlackElo "2310"]

1. Nf3 d5 2. g3 Nf6 3. Bg2 e6 4. O-O Be7 5. d4 O-O 6. c4 dxc4 7.
Qc2 a6 8. a4 Bd7 9. Rd1 Bc6 10.
Nc3 Bxf3 11. Bxf3 Nc6 12. Bxc6 bxc6 13. a5 Rb8 14. Ra4 Rb4 15. Na2 Rb5 16. Rxc4 Rxa5 17. Bd2 Rh5 18. Rxc6 Qd5 19. Bb4 Ng4 20.
e4 Qxa2 21. Bxe7 Rxh2 22. Rf1 Ne3 23.
Qe2 Nxf1 24. Qxf1 Rh5 25. Bxf8 Kxf8 26. Qc1 Qb3 27. Rxa6 Qf3 28. Ra8+ Ke7 29. Qxc7+ Kf6 30. Qf4+ Qxf4 31. gxf4 Rb5 32. Ra7 1/2-1/2

[Event "Chess Festival Groningen 2023 | A"]
[Site "Groningen, Netherlands"]
[Date "2023.12.22"]
[Round "2.6"]
[White "Kollen, Zyon"]
[Black "Krasenkow, Michal"]
[Result "1/2-1/2"]
[TimeControl "90min/40moves + 30min + 30sec/move"]
[WhiteElo "2318"]
[BlackElo "2532"]

1. e4 d5 2. exd5 Qxd5 3. Nc3 Qd6 4. d4 Nf6 5. Nf3 c6 6. Ne5 Be6 7. Bf4 Qd8 8. Qd2 g6 9. Be2 Nbd7 10.
Bf3 Bg7 11. O-O O-O 12. Rfe1 Re8 13. Rad1 Qa5 14. a3 Rad8 15. b4 Qb6 16. h4 Nxe5 17. Bxe5 Bd5 18. Nxd5 cxd5 19. h5 Qc6 20.
c4 Qxc4 21. Rc1 Qa6 22. h6 Bh8 23. Rc7 Rc8 24. Rec1 Rxc7 25. Rxc7 Qxa3 26. Rxb7 Ne4 27. Qf4 Bxe5 28. dxe5 Qa1+ 29. Kh2 Nxf2 30. Bxd5 Ng4+ 31. Qxg4 Qxe5+ 32. Qg3 Qxd5 33. Rxe7 Qh5+ 34. Kg1 Qd1+ 35. Kh2 Qh5+ 1/2-1/2

[Event "Chess Festival Groningen 2023 | A"]
[Site "Groningen, Netherlands"]
[Date "2023.12.22"]
[Round "2.7"]
[White "Beerdsen, Thomas"]
[Black "Slagboom, Leandro"]
[Result "1-0"]
[TimeControl "90min/40moves + 30min + 30sec/move"]
[WhiteElo "2511"]
[BlackElo "2304"]

1. e4 e6 2. d4 d5 3. Nc3 Nf6 4.
Bg5 h6 5. Bxf6 Qxf6 6. a3 c6 7. Nf3 Nd7 8. Bd3 g5 9. exd5 exd5 10.
O-O Nb6 11. Ne5 Be6 12. f4 gxf4 13. Ne2 Bd6 14. Nxf4 Bxe5 15. Nxe6 Qxe6 16. dxe5 Nd7 17. Bf5 Qe7 18. Bxd7+ Kxd7 19.
c4 Qc5+ 20. Kh1 Rhf8 21. Rc1 d4 22. Rf5 Kc7 23. b4 Qe7 24. Qxd4 a5 25. b5 1-0

[Event "Chess Festival Groningen 2023 | A"]
[Site "Groningen, Netherlands"]
[Date "2023.12.22"]
[Round "2.8"]
[White "Nevednichy, Vladislav"]
[Black "Jaiveer Mahendru"]
[Result "1-0"]
[TimeControl "90min/40moves + 30min + 30sec/move"]
[WhiteElo "2452"]
[BlackElo "2294"]

1. c4 e5 2. Nc3 Nf6 3. Nf3 Nc6 4.
g3 d5 5.
cxd5 Nxd5 6. Bg2 Nb6 7. O-O Be7 8. b3 O-O 9. Bb2 Be6 10. Rc1 f5 11. d3 Qd7 12. Nd2 Bf6 13. Nc4 Nxc4 14. bxc4 Ne7 15. Na4 c6 16.
Nc5 Qc8 17. e4 b6 18. Nxe6 Qxe6 19.
exf5 Qxf5 20. Qe2 Rad8 21. Be4 Qd7 22. Rfe1 c5 23. Rcd1 Nf5 24. Qg4 Nd4 25. Bd5+ Kh8 26. Qxd7 Rxd7 27. Bxd4 exd4 28. h4 g6 29. Re4 Kg7 30.
Be6 Re7 31. Rde1 h6 32. Kg2 Rd8 33. a4 Rde8 34. Bd5 Kf8 35. Kh3 Re5 36. f4 R5e7 37. Kg4 Rxe4 38. dxe4 h5+ 39. Kf3 Kg7 40. e5 Bd8 41. Rg1 Rf8 42. Ke4 Be7 43. Be6 Bd8 44. Bd5 Be7 45. Be6 Rd8 46. Rb1 Kf8 47. Bd5 Kg7 48. Kd3 Rf8 49. a5 Rb8 50. a6 Rd8 51. Be4 Rd7 52.
Rg1 Kf7 53. g4 Bxh4 54. gxh5 gxh5 55. f5 Re7 56. Bd5+ Ke8 57. Rg8+ Kd7 58. Be6+ Kc6 59. Rc8+ Rc7 60. Bd5+ Kd7 61. Rh8 Bg3 62. Ke4 d3 63.
f6 1-0

[Event "Chess Festival Groningen 2023 | A"]
[Site "Groningen, Netherlands"]
[Date "2023.12.22"]
[Round "2.9"]
[White "Kanyamarala, Tarun"]
[Black "Bulmaga, Irina"]
[Result "0-1"]
[TimeControl "90min/40moves + 30min + 30sec/move"]
[WhiteElo "2305"]
[BlackElo "2439"]

1. d4 Nf6 2. c4 e6 3. g3 d5 4. Bg2 Be7 5. Nf3 O-O 6. O-O dxc4 7. Qc2 a6 8. a4 Bd7 9. Qxc4 Bc6 10.
Bg5 Nbd7 11. Nc3 h6 12. Bxf6 Nxf6 13. a5 Bd5 14. Qd3 Bxf3 15. Bxf3 c6 16. Qc4 Qd6 17. Ra4 Rad8 18. Rd1 Qb8 19.
e3 Nd5 20. Qb3 Nf6 21. Raa1 Bd6 22. Kg2 Rfe8 23. Ra4 Qc7 24. h4 g6 25. Qc2 Kg7 26. Qb1 Qe7 27. Qa2 g5 28. hxg5 hxg5 29.
Rh1 Rh8 30. Rxh8 Rxh8 31. Qc4 Nd5 32.
Ne4 Bc7 33. Qc5 g4 34. Be2 Qd8 35. Qc1 Bxa5 36. Nc5 b6 37. Nd3 Qg5 38. Qd1 Nxe3+ 39. fxe3 Qd5+ 40. Kf2 Rh2+ 0-1

[Event "Chess Festival Groningen 2023 | A"]
[Site "Groningen, Netherlands"]
[Date "2023.12.22"]
[Round "2.10"]
[White "De Jong, Migchiel"]
[Black "De Winter, Arthur"]
[Result "0-1"]
[TimeControl "90min/40moves + 30min + 30sec/move"]
[WhiteElo "2301"]
[BlackElo "2405"]

1. e4 c5 2. Nf3 d6 3. c3 Nf6 4. h3 Nc6 5. Bd3 e5 6.
O-O g5 7. Nh2 Rg8 8. Ng4 h5 9. Ne3 Be6 10. Bc4 Bxc4 11. Nxc4 g4 12. hxg4 Nxg4 13. f3 Nf6 14. d4 cxd4 15. cxd4 Nxd4 16.
Be3 Rc8 17. Nba3 b5 18. Nd2 d5 19. Bxd4 exd4 20. e5 Nd7 21.
Nxb5 Qb6 22. Nd6+ Bxd6 23. exd6 Rg6 24. Nb3 d3+ 25. Kh1 Rc2 26. Qe1+ Re2 27. Rc1 Qd8 28. Qb4 Rgxg2 29. Qf4 Ne5 30. Rfe1 Rh2+ 31. Qxh2 Rxh2+ 32. Kxh2 Qh4+ 33. Kg2 Qf4 34. Rc7 Qxf3+ 35. Kg1 Qg3+ 36. Kf1 Qf4+ 37. Kg1 Kd8 38. Nd2 Ng4 0-1

[Event "Chess Festival Groningen 2023 | A"]
[Site "Groningen, Netherlands"]
[Date "2023.12.22"]
[Round "2.11"]
[White "Aarav Dengla"]
[Black "Kumar, Prajit Sai"]
[Result "1-0"]
[TimeControl "90min/40moves + 30min + 30sec/move"]
[WhiteElo "2382"]
[BlackElo "2172"]

1. e4 c5 2. Nf3 Nc6 3. Bb5 e6 4. O-O Nge7 5. d4 cxd4 6. Nxd4 Qb6 7. Nxc6 bxc6 8. Bd3 Ng6 9. c4 Be7 10.
Nc3 c5 11. f4 O-O 12. Qh5 d6 13. Rf3 Re8 14. e5 f5 15. exf6 Bxf6 16. Rh3 Kf7 17. Qxh7 Nf8 18. Qh5+ Ke7 19.
f5 Kd8 20. Be4 Rb8 21. Bg5 exf5 22. Bxf5 Nd7 23. Qxe8+ Kxe8 24. Bg6+ Kd8 25. Rh8+ Nf8 26. Rxf8+ Kd7 27. Bxf6 gxf6 28. Re1 Qxb2 29. Nd5 Qd4+ 30. Kh1 Qxc4 31. Be8+ Kd8 32. Bb5# 1-0

[Event "Chess Festival Groningen 2023 | A"]
[Site "Groningen, Netherlands"]
[Date "2023.12.22"]
[Round "2.12"]
[White "Ter-Avetisjana, Agnesa Ste"]
[Black "Maatman, Nick"]
[Result "1/2-1/2"]
[TimeControl "90min/40moves + 30min + 30sec/move"]
[WhiteElo "1974"]
[BlackElo "2371"]

1. d4 Nf6 2. Nf3 d5 3.
c4 e6 4.
Nc3 Be7 5. Bf4 O-O 6. e3 Nbd7 7. cxd5 exd5 8. Bd3 c5 9. O-O a6 10. dxc5 Nxc5 11. Bc2 Bg4 12. h3 Bh5 13. g4 Bg6 14.
Bxg6 hxg6 15. g5 Nfe4 16. Nxd5 Bxg5 17.
Bc7 Qd7 18. b4 Bf6 19. bxc5 Bxa1 20.
Qd3 Nxc5 21. Qc4 Ne6 22.
Rd1 Qb5 23. Qxb5 axb5 24. Rxa1 f6 25. Bb6 Kf7 26. Nd4 Nxd4 27. exd4 Ra6 28. Re1 Rxa2 29. Re7+ Kg8 30. Rxb7 Rf7 31. Rb8+ Kh7 32. Bc5 Rb2 33.
Nb4 f5 34. Nd3 Rb1+ 35. Kg2 f4 36. Ne5 Rf5 37. h4 g5 38. hxg5 Rxg5+ 39. Kf3 Rf5 40. Rb7 Rb2 41. Be7 Kg8 42. Kg4 g6 43. Nxg6 Rf7 44. Ne5 Rg7+ 45. Kf3 Kh7 46.
Nc6 Kg6 47. d5 Kf5 48. Nd4+ Ke5 49. d6 Rd2 50. Nc6+ Kd5 51. Rc7 Rd3+ 52. Kxf4 Rf7+ 53. Kg5 Ke4 54. d7 b4 55. d8=Q Rxd8 56.
Nxd8 Rxf2 57. Rc4+ Ke5 58. Bf6+ Rxf6 59.
Nc6+ Kd5 60. Rd4+ Kxc6 61. Kxf6 Kc5 62. Ke5 b3 63. Rd8 Kc4 64. Rc8+ Kd3 65. Rd8+ Kc2 66. Kd4 b2 67.
Rc8+ Kd2 68. Rb8 Kc2 69. Rxb2+ Kxb2 1/2-1/2

[Event "Chess Festival Groningen 2023 | A"]
[Site "Groningen, Netherlands"]
[Date "2023.12.23"]
[Round "3.1"]
[White "Kazakouski, Valery"]
[Black "Nevednichy, Vladislav"]
[Result "1-0"]
[TimeControl "90min/40moves + 30min + 30sec/move"]
[WhiteElo "2586"]
[BlackElo "2452"]

1. d4 d5 2. c4 e6 3. Nc3 Nf6 4. cxd5 exd5 5. Bg5 c6 6. e3 Be7 7. Bd3 Nbd7 8. h3 O-O 9. Nf3 Re8 10.
O-O Nf8 11. Qc2 g6 12. Ne5 N6d7 13. Bxe7 Qxe7 14. Nf3 Ne6 15. Rfe1 Nf6 16. e4 dxe4 17. Nxe4 Nxe4 18. Rxe4 Bd7 19.
Rae1 Rad8 20. Bc4 Bc8 21. Qc3 Rd6 22. Qa3 b5 23. Bb3 Qc7 24. Ng5 h6 25. Nxe6 Bxe6 26. Qc5 Qd7 27. h4 a5 28.
a3 a4 29. Ba2 h5 30. Qg5 Qe7 31. Qf4 Qd8 32. g3 Kg7 33. Qe5+ Kg8 34. Qc5 Qd7 35. Qg5 Qe7 36. Bxe6 Qxg5 37.
Bxf7+ Kxf7 38. hxg5 Rxe4 39. Rxe4 Rd5 40. f4 b4 41. Kf2 Rb5 42. Re2 bxa3 43. bxa3 Rb3 44. Re3 Rb1 45. Ke2 Ra1 46.
Rc3 Ke7 47. Ke3 Kf7 48. Ke4 Re1+ 49. Re3 Rb1 50. Rc3 Re1+ 51. Kf3 Ra1 52. Kg2 Kg7 53. Kf2 Kf7 54. Ke2 Rg1 55. Re3 Ra1 56.
Kf3 Rd1 57. Ke4 Ke6 58. Rc3 Re1+ 59. Kf3 Kd6 60. Rc4 Rf1+ 61. Kg2 Rb1 62. Rxa4 Kd5 63. Rb4 Ra1 64. a4 Ke4 65. Rc4 Kd5 66.
Rc5+ Kd6 67. f5 gxf5 68. g6 Ke7 69. Rxf5 Rxa4 70. g7 Ra8 71. Kh3 Rg8 72. Rg5 Kf6 73. Kh4 Rxg7 74. Rxg7 Kxg7 75.
Kxh5 1-0